 Dungeon Crawl Stone Soup version 0.31-a0-489-g282fc92437 (webtiles) character file.

Game seed: 9212237866048484548

8 GordonOverkill the Sneak (level 2, -2/21 HPs)
             Began as an Octopode Delver on Aug 8, 2023.
             Slain by a scorpion (7 damage)
             ... on level 6 of the Dungeon.
             The game lasted 00:01:45 (264 turns).

GordonOverkill the Sneak (Octopode Delver)           Turns: 264, Time: 00:01:46

Health: -2/21      AC:  1    Str: 11    XL:     2   Next: 8%
Magic:  2/2        EV: 13    Int: 12    God:
Gold:   12         SH:  0    Dex: 13    Spells: 1/1 levels left

rFire   . . .        i - +2 flail (holy)
rCold   . . .        (no shield)
rNeg    . . .        (helmet restricted)
rPois   .            (no amulet)
rElec   .            (no ring)
rCorr   .            (no ring)
SInv    .            (no ring)
Will    .....        (no ring)
Stlth   ++++         (no ring)
HPRegen 0.23/turn    (no ring)
MPRegen 0.08/turn    (no ring)
                     (no ring)

%: no passive effects
@: no status effects
A: almost no armour, amphibious, 8 rings, camouflage 1, gelatinous body 1,
(nimble swimmer 1), tentacles
a: no special abilities


You were on level 6 of the Dungeon.
You visited 1 branch of the dungeon, and saw 2 of its levels.

You collected 12 gold pieces.

Inventory:

Hand Weapons
 a - a +0 short sword
 i - a +2 flail of holy wrath (weapon)
Missiles
 h - 3 poisoned darts (quivered)
Wands
 f - a wand of digging (3)
Scrolls
 b - a scroll of fog
 c - a scroll of revelation
 d - a scroll of fear
 g - a scroll of amnesia {unknown}
Potions
 e - a potion of haste


   Skills:
 - Level 3.0 Fighting
 + Level 2.4 Short Blades
 + Level 1.0 Throwing
 - Level 2.0 Dodging
 - Level 6.6 Stealth


You had one spell level left.
You didn't know any spells.
Your spell library was empty.

Dungeon Overview and Level Annotations

Branches:
Dungeon (6/15)
 Temple: D:4-7

Altars:

Annotations:
D:6 exclusions: gnoll and orc


Innate Abilities, Weirdness & Mutations

You cannot wear most types of armour.
You are amphibious.
You can wear up to eight rings at the same time.
Your skin changes colour to match your surroundings (Stealth+).
Your rubbery body absorbs attacks. (AC +1, EV +1)
((You are camouflaged when in or above water. (Stealth+)))
You have tentacles for arms and can constrict up to eight enemies at once.


Message History

You constrict the orc. The orc barely misses you.
You hit the orc.
The orc is heavily wounded.
You constrict the orc. The orc hits you with a +0 club.
You hit the orc.
You kill the orc!
Your Throwing skill increases to level 1!
You have reached level 2!
You start resting.
HP restored.
Items here: )))) [ ††.
i - a +2 flail of holy wrath
Okay, then.
You open the door.
There is an open door here.
There is an open door here.
A gnoll comes into view.
It is wielding a +0 club and quivering atropa-tipped darts.
The gnoll shouts!
You hear a shout! x2
A gnoll comes into view.
It is wielding a +1 flail of protection.
The gnoll throws an atropa-tipped dart.
The atropa-tipped dart closely misses you.
Your +2 flail of holy wrath softly glows with a divine radiance!
i - a +2 flail of holy wrath (weapon)
You barely miss the gnoll. You grab the gnoll.
You constrict the gnoll, but do no damage.
The gnoll closely misses you.
A scorpion comes into view.
The gnoll shouts!
You hit the gnoll.
The gnoll is moderately wounded.
You constrict the gnoll, but do no damage.
The gnoll hits you with a +1 flail of protection.
The gnoll hits you with a +1 flail of protection!
* * * LOW HITPOINT WARNING * * *
You release your grip on the gnoll.
The gnoll attacks as you move away!
The gnoll hits you with a +1 flail of protection.
* * * LOW HITPOINT WARNING * * *
The scorpion misses you. The scorpion attacks as you move away!
The scorpion stings you!
You die...

#####g##### #.# #.#
#.# #.# ##.##
#.#########...##
#..............#
#.#######.#...##
#.##### #.##.##
#.....###s##.####.#
#....g...g@.......#
############.######
#.# #.# #)# #.#
#########.#
####.........#
##....#######.##


You could see a scorpion and 2 gnolls.

Vanquished Creatures
  4 orcs (D:6)
4 creatures vanquished.

Notes
Turn   | Place    | Note
-------+----------+-------------------------------------------
     0 | D:5      | GordonOverkill the Octopode Delver began the quest for the
                  | Orb.
     0 | D:5      | Reached XP level 1. HP: 16/16 MP: 1/1
    54 | D:6      | Noticed a hound
   107 | D:6      | Noticed a gnoll bouda
   175 | D:6      | Reached skill level 1 in Throwing
   175 | D:6      | Reached XP level 2. HP: 17/21 MP: 2/2
   260 | D:6      | Noticed a scorpion
   264 | D:6      | Slain by a scorpion

Illustrated notes

Levels and vault maps discovered:
D:5:      layout_cave_pods, fedhas_altar_decomposition, serial_shops,
          nicolae_shop_waterfront, uniq_menkaure, uniq_sigmund
D:6:      corexii_shack_village, layout_loops_corners, xom_teletrap_fun

Skill      XL: |  1 |
---------------+----+-----
Throwing       | 1 |  1.0
Fighting       | |  3.0
Short Blades   | |  2.4
Dodging        | |  2.0
Stealth        | |  6.6

Action                     || total
---------------------------++-------
  Melee: Short sword       ||    10
         Constrict         ||     4
         Flail             ||     2
  Dodge: Dodged            ||     7

Table legend: (Time is in decaauts)
 A = Elapsed time spent in this place.
 B = Non-inter-level travel time spent in this place.
 C = Inter-level travel time spent in this place.
 D = Time resting spent in this place.
 E = Time spent auto-exploring this place.
 F = Levels seen in this place.
 G = Mean time per level.
                   A        B        C        D        E       F      G
               +--------+--------+--------+--------+--------+-----+--------+
         Total |    263 |    263 |      0 |     16 |      0 |   2 |  131.5 |
       Dungeon |    263 |    263 |      0 |     16 |      0 |   2 |  131.5 |
               +--------+--------+--------+--------+--------+-----+--------+

Top non-repeatable levels by time:
     D:6: 214 daAuts
     D:5: 49 daAuts
